 Dungeon Crawl Stone Soup version 0.31-a0-1163-gcee99d1eea (webtiles) character file.

Game seed: 300445233475337325

110 Baz the Twirler (level 4, 33/34 HPs)
             Began as a Demonspawn Gladiator on Dec 9, 2023.
             Was a Follower of Vehumet.
             Quit the game on level 3 of the Dungeon.
             The game lasted 00:04:04 (2070 turns).

Baz the Twirler (Demonspawn Gladiator)              Turns: 2070, Time: 00:04:05

Health: 33/34      AC:  4    Str: 14 (17) XL:     4   Next: 61%
Magic:  4/4        EV: 14    Int:  7 (8)  God:    Vehumet [*.....]
Gold:   191        SH:  0    Dex: 13 (14) Spells: 2/3 levels left

rFire   . . .        a - +0 quarterstaff
rCold   . . .        (shield currently unavailable)
rNeg    . . .        b - +0 leather armour
rPois   .            c - +0 helmet
rElec   .            (no cloak)
rCorr   .            (no gloves)
SInv    .            (no boots)
Will    .....        (no amulet)
Stlth   +            (no ring)
HPRegen 0.25/turn    (no ring)
MPRegen 0.09/turn

%: no passive effects
@: no status effects
A: claws 1, repulsion field 1
a: Renounce Religion


You were on level 3 of the Dungeon.
You worshipped Vehumet.
Vehumet was aware of your devotion.
You visited 1 branch of the dungeon, and saw 3 of its levels.

You collected 191 gold pieces.

Inventory:

Hand Weapons
 a - a +0 quarterstaff (weapon)
Missiles
 d - 3 throwing nets (quivered)
 e - a javelin
Armour
 b - a +0 leather armour (worn)
 c - a +0 helmet (worn)
Jewellery
 j - an amulet of regeneration
 o - a ring of protection from cold
Scrolls
 f - a scroll of enchant weapon {unknown}
 g - a scroll of teleportation
 h - a scroll of identify {unknown}
 k - a scroll of fear {unknown}
 m - a scroll of fog {unknown}
 n - a scroll of revelation {unknown}
 r - 3 scrolls of poison {unknown}
Potions
 i - a potion of degeneration
 l - a potion of attraction {unknown}
 p - a potion of heal wounds {unknown}
 q - a potion of enlightenment {unknown}


   Skills:
 + Level 2.7 Fighting
 * Level 3.7 Staves
 - Level 1.7 Throwing
 - Level 1.4 Armour
 + Level 3.2 Dodging
 + Level 0.0 Spellcasting


You had 2 spell levels left.
You knew the following spells:

 Your Spells              Type           Power      Damage    Failure   Level
a - Kiss of Death         Conj/Necr      0%         2d5       50%         1

Your spell library contained the following spells:

 Spells                   Type           Power      Damage    Failure   Level


Dungeon Overview and Level Annotations

Branches:
Dungeon (3/15) Zot: 15899

Altars:
Vehumet

Annotations:
D:2 Terence


Innate Abilities, Weirdness & Mutations

You have sharp fingernails.
You are surrounded by a mild repulsion field. (EV +2)


Message History

The goblin misses you. The goblin hits you with a +0 club.
You hit the goblin.
You kill the goblin!
Vehumet accepts your kill.
Things that are here:
a +0 club; a goblin corpse An endoplasm comes into view.
You don't know any spells.
The endoplasm quivers.
Vehumet grants you knowledge of Kiss of Death.
You start memorising the spell.
You continue memorising.
You finish memorising.
You add the spell Kiss of Death to your library.
Spell assigned to 'a'.
Unknown command.
The endoplasm misses you.
Things that are here:
a +0 club; a goblin corpse You hit the endoplasm but do no damage.
The endoplasm hits you but does no damage.
You barely miss the endoplasm. The endoplasm closely misses you.
You thump the endoplasm!
You kill the endoplasm!
Vehumet accepts your kill.
There is a dry fountain here.
There is a radiant altar of Vehumet here.
A ball python comes into view.
The ball python hisses angrily.
A ball python is nearby!
A ball python is nearby!
You hit the ball python but do no damage.
The ball python misses you. The ball python barely misses you.
You closely miss the ball python. The ball python misses you.
The ball python grabs you. The ball python constricts you.
The ball python bites you but does no damage.
The ball python constricts you.
You sock the ball python!
You kill the ball python!
Vehumet accepts your kill.
Are you sure you want to abandon this character and quit the game? (Confirm with "yes".)

#.##......#...##
###.##..###..###.#
#...##..# #.###.##
#.####..# #.# #.#
#.# #..###.###.##
#.# #............
#.# #.#####.♣....
#.# #.#####♣~~.##
#@# #.....♣~~~♣#
#.# ####..♣~~P♣#
#.# #...♣~~~~♣ #.#
#...~~~~~♣ #.#
#♣...~~~≈P~ #.#
#♣P...~~≈≈~~ #.#
♣PP~..~~~≈≈~♣ #.#
♣~P....~~~~~~
♣~~...~~~≈~P~


There were no monsters in sight!

Vanquished Creatures
  A hound (D:3)
  An adder (D:2)
  4 dart slugs
  An orc (D:3)
  6 endoplasms
  2 giant cockroaches (D:2)
  6 goblins
  5 hobgoblins
  5 quokkas
  7 ball pythons
  5 bats
  2 frilled lizards
  6 kobolds
  8 rats
59 creatures vanquished.

Notes
Turn   | Place    | Note
-------+----------+-------------------------------------------
     0 | D:1      | Baz the Demonspawn Gladiator began the quest for the Orb.
     0 | D:1      | Reached XP level 1. HP: 16/16 MP: 1/1
    97 | D:1      | Gained mutation: You have sharp fingernails. [demonic
                  | ancestry]
    97 | D:1      | Reached XP level 2. HP: 20/22 MP: 2/2
   528 | D:2      | Gained mutation: You are surrounded by a mild repulsion
                  | field. (EV +2) [demonic ancestry]
   528 | D:2      | Reached XP level 3. HP: 28/28 MP: 3/3
   784 | D:2      | Reached skill level 1 in Armour
  1216 | D:2      | Noticed Terence
  1586 | D:3      | Reached XP level 4. HP: 29/34 MP: 4/4
  1911 | D:3      | Found a faded altar of an unknown god.
  1933 | D:3      | Prayed at the altar of an unknown god.
  1933 | D:3      | Became a worshipper of Vehumet
  1933 | D:3      | Reached * piety under Vehumet
  1933 | D:3      | Offered knowledge of Kiss of Death by Vehumet.
  1996 | D:3      | Learned a level 1 spell: Kiss of Death
  2070 | D:3      | Quit the game

Illustrated notes

Levels and vault maps discovered:
D:1:      lemuel_arrival_behind_the_door_large, layout_rooms
D:2:      layout_loops_corners, due_unseen_surprise, uniq_terence
D:3:      layout_loops_ring, shapermc_ecumenical_altar_venn,
          serial_bayou_ford_a, minivault_24

Skill      XL: |  1  2  3 |
---------------+----------+-----
Staves         | 3 |  3.7
Dodging        | 3 |  3.2
Armour         | 1 |  1.4
Fighting       | |  2.7
Throwing       | |  1.7

Action                     |  1- 3 |  4- 6 || total
---------------------------+-------+-------++-------
  Melee: Quarterstaff      |   138 |    47 ||   185
    Use: Potion            |     3 |       ||     3
         Scroll            |     1 |       ||     1
 Armour: Leather armour    |    63 |    28 ||    91
  Dodge: Dodged            |    89 |    50 ||   139

Table legend: (Time is in decaauts)
 A = Elapsed time spent in this place.
 B = Non-inter-level travel time spent in this place.
 C = Inter-level travel time spent in this place.
 D = Time resting spent in this place.
 E = Time spent auto-exploring this place.
 F = Levels seen in this place.
 G = Mean time per level.
                   A        B        C        D        E       F      G
               +--------+--------+--------+--------+--------+-----+--------+
         Total |   2100 |   2007 |     93 |     65 |   1313 |   3 |  700.0 |
       Dungeon |   2100 |   2007 |     93 |     65 |   1313 |   3 |  700.0 |
               +--------+--------+--------+--------+--------+-----+--------+

Top non-repeatable levels by time:
     D:2: 1004 daAuts
     D:3: 580 daAuts
     D:1: 515 daAuts
